 Dungeon Crawl Stone Soup version 0.27-a0-1147-gb3d8e82157 (webtiles) character file.

Game seed: 457944574387714526

133 Scarexists the Covered (level 5, -15/41 HPs)
             Began as a Human Fighter on May 11, 2021.
             Demolished by an ogre
             ... wielding a +0 giant club
              (17 damage)
             ... on level 4 of the Dungeon.
             The game lasted 00:05:52 (3274 turns).

Scarexists the Covered (Human Fighter)              Turns: 3274, Time: 00:05:52

Health: -15/41     AC:  7    Str: 22    XL:     5   Next: 40%
Magic:  5/5        EV:  7    Int: 10    God:
Gold:   214        SH:  9    Dex: 12    Spells: 4/4 levels left

rFire    . . .     SeeInvis .   a - +0 long sword
rCold    . . .     Faith    .   c - +0 kite shield
rNeg     . . .     Spirit   .   b - +0 scale mail
rPois    .         Reflect  .   (no helmet)
rElec    .         Harm     .   (no cloak)
rCorr    .         Rampage  .   (no gloves)
Will     .....                  (no boots)
Stlth    ..........             (no amulet)
HPRegen  0.13/turn              k - +6 ring of strength
MPRegen  0.09/turn              (no ring)

@: no status effects
A: no striking features
a: no special abilities


You were on level 4 of the Dungeon.
You visited 1 branch of the dungeon, and saw 4 of its levels.

You collected 214 gold pieces.

Inventory:

Hand Weapons
 a - a +0 long sword (weapon)
Armour
 b - a +0 scale mail (worn)
 c - a +0 kite shield (worn)
Magical Staves
 r - a staff of conjuration
Jewellery
 k - a +6 ring of strength (left hand)
 u - a +4 ring of slaying
Scrolls
 e - a scroll of enchant weapon {unknown}
 f - a scroll of teleportation {unknown}
 h - a scroll of fear {unknown}
 i - a scroll of immolation {unknown}
 j - a scroll of noise {unknown}
 n - 3 scrolls of identify {unknown}
 q - a scroll of fog {unknown}
 t - a scroll of magic mapping {unknown}
 v - a scroll of enchant armour {unknown}
Potions
 d - a potion of might
 g - 3 potions of heal wounds {unknown}
 l - a potion of attraction {unknown}
 m - a potion of degeneration {unknown}
 o - a potion of curing {unknown}
 p - a potion of magic {unknown}
 s - a potion of resistance {unknown}


   Skills:
 + Level 3.5 Fighting
 + Level 2.9 Long Blades
 + Level 4.1 Armour
 + Level 0.6 Dodging
 + Level 0.3 Stealth
 + Level 3.7 Shields


You had 4 spell levels left.
You didn't know any spells.
Your spell library contained the following spells:

 Spells                   Type           Power      Damage    Failure   Level
 Freeze                   Ice            0%         1d3       99%         1
 Frozen Ramparts          Ice            0%         1d2       100%        3
 Ozocubu's Armour         Ice            0%         N/A       100%        3
 Hailstorm                Conj/Ice       0%         3d3       100%        4
 Metabolic Englaciation   Hex/Ice        0%         N/A       100%        5


Dungeon Overview and Level Annotations

Branches:
Dungeon (4/15)
 Temple: D:4-7

Altars:

Shops:
D:1 :[(   D:2 **(


Message History

The kobold throws a stone.
The stone hits you. You block the ogre's attack.
You closely miss the goblin. The goblin hits you but does no damage.
You block the ogre's attack. The goblin hits you but does no damage.
You closely miss the goblin. The ogre barely misses you.
The goblin hits you but does no damage. The goblin closely misses you.
You slash the goblin!
You kill the goblin!
The ogre hits you with a +0 giant club. The ogre barely misses you.
The kobold barely misses you.
You riposte.
You hit the kobold but do no damage.
You see here a +0 dagger.
You block the kobold's attack.
You slash the kobold!
You kill the kobold!
You block the ogre's attack. You block the ogre's attack.
Things that are here:
a +0 whip; 2 stones The ogre closely misses you.
An iguana comes into view.
The iguana hisses angrily.
You slash the ogre!
The ogre is moderately wounded.
The ogre completely misses you.
You hit the ogre.
The ogre is moderately wounded.
You block the ogre's attack.
You barely miss the ogre.
The ogre is moderately wounded.
The ogre hits you with a +0 giant club!!
Ouch! That really hurt!
You closely miss the ogre.
The ogre is moderately wounded.
The ogre hits you with a +0 giant club!
* * * LOW HITPOINT WARNING * * *
You hit the ogre.
The ogre is heavily wounded.
You block the ogre's attack. You block the iguana's attack.
The ogre hits you with a +0 giant club!
You die...

.. .... .#......... ##
#.?............. #..
.##.........
#.##..#......... #.^..
.......... ##..##
#.........
########....###.........
##..............).......
.#.#######.....O@l......
...# #...#../.......
#..# #....#.../.......
##.# #..#....#.........
##.# #.##...##.........
##.# #. #..###.........
##.. . ....$ #.....##.#
### . ..... #...... .#
.....


You could see an ogre and an iguana.

Vanquished Creatures
  A hound (D:3)
  2 adders
  3 dart slugs
  5 orcs (D:3)
  4 ball pythons
  4 endoplasms
  2 giant cockroaches
  4 goblins
  8 hobgoblins
  10 jackals
  7 bats
  3 frilled lizards
  7 kobolds
  6 rats
66 creatures vanquished.

Vanquished Creatures (others)
  4 plants (D:2)
4 creatures vanquished.

Grand Total: 70 creatures vanquished

Notes
Turn   | Place    | Note
-------+----------+-------------------------------------------
     0 | D:1      | Scarexists the Human Fighter began the quest for the Orb.
     0 | D:1      | Reached XP level 1. HP: 18/18 MP: 1/1
    98 | D:1      | Reached XP level 2. HP: 24/24 MP: 2/2
   326 | D:1      | Found Ryrufane's Antique Weapon Emporium.
   426 | D:1      | Reached XP level 3. HP: 29/29 MP: 3/3
   748 | D:1      | Found Bumew's Book Shoppe.
   854 | D:1      | Found Zaogocvih's Antique Armour Shoppe.
   993 | D:2      | Found Higeb's General Store.
  1605 | D:2      | Reached XP level 4. HP: 29/35 MP: 4/4
  1678 | D:2      | Found a faded altar of an unknown god.
  1863 | D:2      | Found Paguhu's Antique Weapon Shoppe.
  1894 | D:2      | Found Vaevenu's Assorted Antiques.
  2745 | D:3      | Reached XP level 5. HP: 36/41 MP: 5/5
  3092 | D:3      | Reached skill level 4 in Armour
  3257 | D:4      | Noticed an ogre
  3273 | D:4      | HP: 2/41 [ogre/+0 giant club (16)]
  3274 | D:4      | Demolished by an ogre

Illustrated notes

Levels and vault maps discovered:
D:1:      psy_arrival_whirlpool, layout_loops_cross, serial_shops, shop_coins,
          nicolae_shop_behind_doors, shop, minmay_tromino_v4_a
D:2:      layout_basic, serial_shops, nicolae_shop_overgrown_old_shop,
          nicolae_shop_overgrown_old_shop, shop,
          chequers_ecumenical_altar_simple_redux
D:3:      layout_loops_ring
D:4:      layout_rooms, gammafunk_temple_overflow_wave, lemuel_doored_altar,
          enter_ossuary_3, ebering_ghost_inner_flame

Skill      XL: |  1  2  3  4  5 |
---------------+----------------+-----
Armour         | 4 |  4.1
Fighting       | |  3.5
Long Blades    | |  2.9
Dodging        | |  0.6
Stealth        | |  0.3
Shields        | |  3.7

Action                   |  1- 3 |  4- 6 || total
-------------------------+-------+-------++-------
Melee: Long sword        |   109 |   113 ||   222
Armor: Scale mail        |    75 |    46 ||   121
Dodge: Dodged            |    50 |    56 ||   106
Block: Kite shield       |    83 |    79 ||   162
       Rpst.: Long sword |    11 |    12 ||    23

Table legend: (Time is in decaauts)
 A = Elapsed time spent in this place.
 B = Non-inter-level travel time spent in this place.
 C = Inter-level travel time spent in this place.
 D = Time resting spent in this place.
 E = Time spent auto-exploring this place.
 F = Levels seen in this place.
 G = Mean time per level.
                   A        B        C        D        E       F      G
               +--------+--------+--------+--------+--------+-----+--------+
         Total |   3388 |   3380 |      8 |      0 |   2518 |   4 |  847.0 |
       Dungeon |   3388 |   3380 |      8 |      0 |   2518 |   4 |  847.0 |
               +--------+--------+--------+--------+--------+-----+--------+

Top non-repeatable levels by time:
     D:3: 1232 daAuts
     D:2: 1068 daAuts
     D:1: 991 daAuts
     D:4: 97 daAuts
